 Dungeon Crawl Stone Soup version 0.28.0-53-g5a82cb258f (webtiles) character file.

Game seed: 601817962710757261

1826 DocClef the Fighter (level 8, 0/79 HPs)
             Began as a Yellow Draconian Fighter on June 15, 2022.
             Was a Priest of Okawaru.
             Succumbed to a hornet's poison
             ... on level 7 of the Dungeon.
             The game lasted 00:07:18 (7367 turns).

DocClef the Fighter (Yellow Draconian Fighter)      Turns: 7367, Time: 00:07:18

Health: 0/79       AC:  8    Str: 22    XL:     8   Next: 86%
Magic:  8/8        EV: 11    Int:  8    God:    Okawaru [***...]
Gold:   110        SH:  4    Dex: 10    Spells: 7/7 levels left

rFire   . . .      SeeInvis .   a - +0 war axe
rCold   . . .      Faith    .   b - +0 buckler
rNeg    . . .      Spirit   .   (armour unavailable)
rPois   .          Reflect  .   (helmet restricted)
rElec   .          Harm     .   (no cloak)
rCorr   +          Rampage  .   (no gloves)
Will    .....                   j - +1 pair of boots
Stlth   +.........              (no amulet)
HPRegen 0.23/turn               (no ring)
MPRegen 0.11/turn               (no ring)

@: lethally poisoned (0 -> -12), short of breath, slowed, very slow
A: spit acid, AC +6, unfitting armour, cold-blooded, acid resistance
a: Breathe Acid, Renounce Religion, Heroism


You were on level 7 of the Dungeon.
You worshipped Okawaru.
Okawaru was most pleased with you.
You visited 1 branch of the dungeon, and saw 7 of its levels.

You collected 290 gold pieces.
You spent 180 gold pieces at shops.

Inventory:

Hand Weapons
 a - a +0 war axe (weapon)
Missiles
 p - a throwing net (quivered)
Armour
 b - a +0 buckler (worn)
 j - a +1 pair of boots (worn)
Jewellery
 d - a ring of positive energy
 e - a ring of willpower
 f - a ring of magical power
 n - a +4 ring of evasion
Wands
 i - a wand of paralysis (11)
 s - a wand of mindburst (12)
 t - a wand of flame (21)
Scrolls
 g - a scroll of identify
 k - a scroll of fog
 m - a scroll of teleportation
 o - a scroll of magic mapping
 q - a scroll of blinking {unknown}
Potions
 c - 2 potions of might
 h - 3 potions of curing
 l - a potion of ambrosia
 r - a potion of lignification
 u - a potion of attraction


   Skills:
 - Level 10.0 Fighting
 + Level 7.9 Axes
 - Level 2.6 Dodging
 - Level 3.0 Shields


You had 7 spell levels left.
You didn't know any spells.
Your spell library was empty.

Dungeon Overview and Level Annotations

Branches:
Dungeon (7/15)             Temple (0/1) D:4

Altars:
Okawaru

Shops:
D:5 [?:


Innate Abilities, Weirdness & Mutations

You can spit globs of acid.
Your golden yellow scales are hard. (AC +6)
You cannot fit into any form of body armour.
You are cold-blooded and may be slowed by cold attacks.
You are resistant to acid. (rCorr)


Message History

The hornet stings you!
You shrug off the repeated paralysis!
The hornet stings you.
You feel as though you will be slow longer.
You hit the hornet.
The hornet is moderately wounded.
The hornet barely misses you. The hornet stings you.
You feel as though you will be slow longer.
Unknown command.
Press: ? - help, Shift-Dir - straight line, f - hornet
Aim: a hornet (moderately wounded, 47% to hit)
You spit a glob of acid.
The glob of acid hits the hornet!
The acid corrodes the hornet!
The hornet is almost dead.
The hornet barely misses you. The hornet stings you.
You feel as though you will be slow longer.
The hornet closely misses you.
You miss the hornet.
The hornet is almost dead.
The hornet stings you!
You feel as though you will be slow longer.
The hornet stings you but does no damage.
You hit the hornet.
The hornet is almost dead.
The hornet stings you.
* * * LOW HITPOINT WARNING * * *
You feel as though you will be slow longer.
The hornet barely misses you. x2
You closely miss the hornet.
The hornet is almost dead.
The hornet stings you!
* * * LOW HITPOINT WARNING * * *
You feel as though you will be slow longer.
The hornet stings you.
* * * LOW HITPOINT WARNING * * *
You are lethally poisoned!
You feel as though you will be slow longer.
You closely miss the hornet. You tail-slap the hornet.
You kill the hornet!
Okawaru accepts your kill.
You die...

#.##.#....<..............
# #.##.........###......
#............# ......
#########.####.#
..............#
#######.####...#
...............#
##.####.###....
....###@#.#....
#............
#.###...#.... #...# ..
....# ###[# .# .# .#


There were no monsters in sight!

Vanquished Creatures
  A hornet (D:7)
  3 black bears
  A phantom (D:6)
  2 centaurs (D:6)
  A bullfrog (D:6)
  6 scorpions
  2 water moccasin zombies
  A water moccasin skeleton (D:4)
  A centaur skeleton (D:4)
  A centaur zombie (D:5)
  3 hounds
  3 gnoll shamans
  An orc priest (D:4)
  Terence (D:2)
  3 iguanas
  2 scorpion zombies (D:3)
  2 orc wizards (D:3)
  A hound skeleton (D:4)
  Robin (D:2)
  11 gnolls
  3 adders
  A white imp (D:6)
  2 adder skeletons (D:4)
  An adder zombie (D:3)
  3 worms
  3 dart slugs
  6 orcs
  5 ball pythons
  3 bats (D:2)
  10 endoplasms
  3 giant cockroaches
  14 goblins
  17 hobgoblins
  3 jackals (D:1)
  11 kobolds
  4 quokkas
  7 frilled lizards
  A quokka skeleton (D:3)
  A quokka zombie (D:3)
  6 rats
151 creatures vanquished.

Vanquished Creatures (others)
  4 withered plants (D:3)
4 creatures vanquished.

Grand Total: 155 creatures vanquished

Notes
Turn   | Place    | Note
-------+----------+-------------------------------------------
     0 | D:1      | DocClef the Draconian Fighter began the quest for the Orb.
     0 | D:1      | Reached XP level 1. HP: 19/19 MP: 1/1
    99 | D:1      | Reached XP level 2. HP: 27/27 MP: 2/2
   114 | D:1      | Reached skill level 4 in Fighting
   934 | D:1      | Reached XP level 3. HP: 24/34 MP: 3/3
  1118 | D:2      | Noticed Terence
  1130 | D:2      | Killed Terence
  1131 | D:2      | Reached skill level 5 in Fighting
  1172 | D:2      | Noticed Robin
  1194 | D:1      | Reached XP level 4. HP: 10/42 MP: 4/4
  1425 | D:2      | Killed Robin
  1621 | D:2      | Found a faded altar of an unknown god.
  1730 | D:2      | Reached skill level 6 in Fighting
  1914 | D:2      | Found an iron altar of Okawaru.
  1926 | D:2      | Became a worshipper of Warmaster Okawaru
  2188 | D:3      | Reached XP level 5. HP: 49/51 MP: 5/5
  2246 | D:3      | Reached skill level 7 in Fighting
  2968 | D:3      | Reached XP level 6. HP: 60/60 MP: 6/6
  3517 | D:4      | Reached skill level 8 in Fighting
  3534 | D:4      | Reached * piety under Okawaru
  4016 | D:5      | Entered Level 5 of the Dungeon
  4020 | D:5      | Reached skill level 9 in Fighting
  4020 | D:5      | Your scales start taking on a golden yellow colour.
  4020 | D:5      | Reached XP level 7. HP: 17/70 MP: 7/7
  4020 | D:5      | Gained mutation: You are resistant to acid. (rCorr) [Yellow
                  | Draconian growth]
  5144 | D:4      | Reached skill level 10 in Fighting
  5248 | D:4      | Reached ** piety under Okawaru
  5450 | D:4      | Found a staircase to the Ecumenical Temple.
  5613 | D:5      | Reached XP level 8. HP: 50/79 MP: 8/8
  5905 | D:5      | Found Qajite's Magic Scroll Shoppe.
  6191 | D:5      | Found Pookhiul's Antique Armour Boutique.
  6198 | D:5      | Bought a pair of embroidered boots for 180 gold pieces
  6408 | D:5      | Found Peozom's Book Shop.
  6716 | D:6      | Reached skill level 5 in Axes
  6962 | D:6      | Reached *** piety under Okawaru
  7091 | D:6      | You fall into a shaft and drop 1 floor!
  7355 | D:7      | Noticed a hornet
  7358 | D:7      | Paralysed by a hornet for 3 turns
  7367 | D:7      | Killed a hornet
  7367 | D:7      | Succumbed to a hornet's poison

Illustrated notes

Levels and vault maps discovered:
D:1:      amcnicky_arrival_double_pillar, layout_basic, st_stairs_6,
          nrook_campfire
D:2:      layout_basic, shapermc_ecumenical_altar_mp_vishouse, basic_altar,
          uniq_terence, uniq_robin
D:3:      cheibrodos_helix_gallery, layout_basic, serial_undead,
          serial_undead_e, serial_undead_c, serial_undead_e, serial_undead_a,
          serial_undead_e, serial_undead_c, serial_undead_e, hex_intersection,
          minivault_14
D:4:      layout_basic, minmay_temple_entry_proselytizer, minmay_quadrilaterals
D:5:      layout_loops_ring, serial_shops, nicolae_shop_hallway_stairs,
          kennysheep_little_box, shop, kennysheep_generic_room_6
D:6:      layout_basic, portal_sewer_entry_c, enter_ossuary_1, kennysheep_dice
D:7:      layout_basic, nemelex_altar_shiori, serial_shops,
          nicolae_shop_bloodbath_and_beyond

Skill      XL: |  1  2  3  4  5  6  7  8 |
---------------+-------------------------+-----
Fighting       | 4 5 6 7 9 10 | 10.0
Axes           | 3 7 |  7.9
Dodging        | |  2.6
Shields        | |  3.0

Action                   |  1- 3 |  4- 6 |  7- 9 || total
-------------------------+-------+-------+-------++-------
Melee: War axe           |    97 |   204 |   161 ||   462
       Tailslap          |    11 |    25 |    29 ||    65
 Abil: Breathe Acid      |       |       |     2 ||     2
  Use: Scroll            |       |       |    13 ||    13
Armor: Skin              |    35 |    70 |    71 ||   176
Dodge: Dodged            |    82 |   115 |   113 ||   310
Block: Buckler           |    22 |    58 |    42 ||   122
